 Dungeon Crawl Stone Soup version 0.24.0-29-g8ce449bc06 (webtiles) character file.

Game seed: 7789028267330797636, levelgen mode: deterministic

3320 Mrkan the Cleaver (level 9, 0/72 HPs)
             Began as a Minotaur Monk on Nov 16, 2019.
             Was a Priest of Hepliaklqana.
             Killed from afar by an electric eel (11 damage)
             ... with a bolt of electricity
             ... on level 8 of the Dungeon.
             The game lasted 00:16:25 (6806 turns).

Mrkan the Cleaver (Minotaur Monk)                   Turns: 6806, Time: 00:16:26

Health: 0/72       AC: 21    Str: 19    XL:     9   Next: 71%
Magic:  0/8        EV:  7    Int:  7    God:    Hepliaklqana [***...]
Gold:   500        SH: 10    Dex: 13    Spells: 8/8 levels left

rFire    . . .     SeeInvis .   G - +0 war axe
rCold    + . .     Gourm    .   F - +0 shield
rNeg     . . .     Faith    .   H - +0 plate armour
rPois    .         Spirit   +   (helmet restricted)
rElec    .         Reflect  .   K - scarf {Spirit}
rCorr    .         Harm     .   (no gloves)
MR       .....                  p - +2 pair of boots
Stlth    ..........             e - amulet of rage
HPRegen  0.22/turn              N - +5 ring of protection
MPRegen  0.11/turn              b - ring of protection from cold

@: hasted, very quick
A: retaliatory headbutt, reduced essence, horns 2
a: Recall Ancestor, Ancestor Identity, Transference, Renounce Religion, Evoke
Berserk Rage


You were on level 8 of the Dungeon.
You worshipped Hepliaklqana.
Hepliaklqana was most pleased with you.
You were hungry.

You visited 1 branch of the dungeon, and saw 8 of its levels.

You collected 500 gold pieces.

Inventory:

Hand Weapons
 G - a +0 war axe (weapon)
 L - a +4 trident of freezing
Armour
 p - a +2 pair of boots (worn)
 q - a +0 cloak
 F - a +0 shield (worn)
 H - a +0 plate armour (worn)
 K - a scarf of spirit shield (worn)
Jewellery
 b - a ring of protection from cold (right hand)
 e - an amulet of rage (around neck)
 r - a +5 ring of intelligence
 N - a +5 ring of protection (left hand)
Wands
 g - a wand of acid (9)
 E - a wand of clouds (6)
 M - a wand of paralysis (7)
Scrolls
 d - a scroll of identify
 f - 3 scrolls of teleportation
 i - a scroll of fog {unknown}
 l - a scroll of enchant weapon
 t - 3 scrolls of noise {unknown}
 v - a scroll of magic mapping {unknown}
 x - 3 scrolls of remove curse
 y - a scroll of random uselessness {unknown}
 C - a scroll of summoning {unknown}
 D - a scroll of fear {unknown}
Potions
 h - a potion of heal wounds
 j - a potion of haste
 k - 2 potions of degeneration {unknown}
 m - 2 potions of invisibility {unknown}
 n - 2 potions of lignification {unknown}
 o - a potion of brilliance {unknown}
 u - 4 potions of might {unknown}
 w - a potion of cancellation {unknown}
 z - 2 potions of mutation {unknown}
 A - 3 potions of curing {unknown}
 B - a potion of resistance {unknown}
 I - a potion of ambrosia {unknown}
Comestibles
 c - 13 rations


   Skills:
 + Level 7.8 Fighting
 * Level 10.4 Axes
 + Level 6.8 Armour
 + Level 7.3 Dodging
 - Level 1.5 Stealth
 + Level 5.0 Shields


You had 8 spell levels left.
You didn't know any spells.
Your spell library contained the following spells:

 Spells                   Type           Power        Failure   Level  Hunger
 Confusing Touch          Hex            #.....       100%        1    ##.....
 Confuse                  Hex            #.......     100%        3    ####...
 Gell's Gravitas          Tloc           #.........   100%        3    ####...
 Petrify                  Tmut/Erth      #.......     100%        4    #####..
 Metabolic Englaciation   Hex/Ice        #.........   100%        5    ######.
 Yara's Violent Unravell  Hex/Tmut       #.........   100%        5    ######.


Dungeon Overview and Level Annotations

Branches:
Dungeon (8/15)             Temple (0/1) D:6            Lair (0/6) D:8

Altars:
Dithmenos
Gozag
Hepliaklqana
Makhleb
Nemelex Xobeh
Okawaru
Ru
The Shining One

Annotations:
D:6 2 transporters


Innate Abilities, Weirdness & Mutations

You reflexively headbutt those who attack you in melee.
You have a pair of horns on your head.
Your life essence is reduced to manifest your ancestor. (-10% HP)


Message History

The electric eel flops around on dry land!
The electric eel shoots out a bolt of lightning at you!
The bolt of electricity hits the electric eel.
The electric eel completely resists.
The bolt of electricity hits you!
* * * LOW HITPOINT WARNING * * *
The bolt of electricity hits you!
* * * LOW HITPOINT WARNING * * *
The electric eel shoots out a bolt of lightning at you!
The bolt of electricity hits you.
* * * LOW HITPOINT WARNING * * *
You hit the electric eel but do no damage.
Your headbutt misses the electric eel.
The electric eel is heavily wounded.
You hit the electric eel.
You headbutt the electric eel, but do no damage.
The electric eel is severely wounded.
The electric eel flops around on dry land!
The electric eel shoots out a bolt of lightning at you!
The bolt of electricity hits you!
You die...

## .....≈≈≈≈≈ ##..
....≈≈≈≈.≈ ..≈≈≈ ....#
#..≈.≈≈≈≈. [≈≈;;
.....##...≈≈≈≈..>.......
.........;≈.≈≈≈...≈.≈≈≈≈
#........≈≈;..≈...≈≈≈≈
#....;.≈≈≈≈≈.≈≈≈≈≈≈≈
##..@...≈≈≈≈≈≈≈≈≈≈≈≈≈
#.#.....≈..≈≈≈.≈≈..≈≈
#..#..≈≈...≈.≈.......
####..........≈.....(
####....#..#..####
##..........#
##..........#####
#.....###..##..##
##..............#


You could see 3 electric eels.

Vanquished Creatures
  A troll (D:8)
  Prince Ribbit (D:7)
  A hippogriff (D:7)
  A hungry ghost (D:8)
  An orc warrior (D:6)
  2 wolves (D:8)
  2 phantoms (D:4)
  A black bear (D:6)
  2 centaurs (D:7)
  A gnoll sergeant (D:7)
  4 bullfrogs
  A wyvern zombie (D:6)
  A scorpion (D:5)
  4 wights
  A howler monkey (D:6)
  A crimson imp (D:5)
  An orc priest (D:3)
  2 orc wizards (D:5)
  Ijyb (D:5)
  5 hounds
  A gnoll shaman (D:6)
  3 worker ants
  Natasha (thrice) (D:4)
  4 iguanas
  2 hound skeletons
  A worker ant zombie (D:6)
  7 gnolls
  7 adders
  An ooze (D:1)
  A worm (D:2)
  A dart slug (D:1)
  5 leopard geckos
  10 orcs
  4 ball pythons
  4 bats
  5 giant cockroaches
  7 goblins
  8 hobgoblins
  8 jackals
  7 kobolds
  5 quokkas
  4 frilled lizards
  A jackal skeleton (D:7)
  8 rats
141 creatures vanquished.

Vanquished Creatures (collateral kills)
  A black bear (D:7)
  An ice beast (D:7)
  A bullfrog (D:6)
  3 wights
  2 worker ants
  A worker ant zombie (D:5)
  2 gnolls (D:7)
  An orc (D:5)
  3 jackals (D:5)
  A leopard gecko zombie (D:6)
16 creatures vanquished.

Vanquished Creatures (others)
  3 hexers
3 creatures vanquished.

Grand Total: 160 creatures vanquished

Notes
Turn   | Place    | Note
-------+----------+-------------------------------------------
     0 | D:1      | Mrkan the Minotaur Monk began the quest for the Orb.
     0 | D:1      | Reached XP level 1. HP: 19/19 MP: 0/0
   104 | D:1      | Reached XP level 2. HP: 27/27 MP: 1/1
   119 | D:1      | Reached skill level 4 in Axes
   187 | D:1      | Reached skill level 1 in Armour
   550 | D:1      | Reached XP level 3. HP: 32/33 MP: 2/2
  1451 | D:3      | Reached XP level 4. HP: 38/40 MP: 3/3
  2032 | D:4      | Reached skill level 5 in Axes
  2107 | D:4      | Noticed a bullfrog
  2119 | D:4      | Killed a bullfrog
  2119 | D:4      | Reached XP level 5. HP: 27/47 MP: 4/4
  2325 | D:4      | Noticed Natasha
  2325 | D:4      | Noticed a phantom
  2333 | D:4      | Killed Natasha
  2333 | D:4      | Reached XP level 6. HP: 34/55 MP: 5/5
  2653 | D:3      | Reached skill level 6 in Axes
  2777 | D:4      | Reached skill level 5 in Fighting
  2947 | D:4      | Found a hazy altar of Hepliaklqana.
  3017 | D:4      | Noticed Natasha
  3024 | D:4      | Killed Natasha
  3024 | D:4      | Reached XP level 7. HP: 59/61 MP: 6/6
  3108 | D:4      | Noticed Natasha
  3116 | D:4      | Killed Natasha
  3116 | D:4      | Reached skill level 5 in Dodging
  3238 | D:4      | Found an iron altar of Okawaru.
  3457 | D:4      | Became a worshipper of Hepliaklqana the Forgotten
  3457 | D:4      | Reached * piety under Hepliaklqana
  3457 | D:4      | Reached ** piety under Hepliaklqana
  3458 | D:4      | Remembered your ancestor Nefertari as a hexer
  3479 | D:5      | Entered Level 5 of the Dungeon
  3503 | D:5      | Reached skill level 7 in Axes
  3511 | D:5      | Found a glowing golden altar of the Shining One.
  3707 | D:5      | Found an opulent altar of Gozag.
  3787 | D:5      | Found a sacrificial altar of Ru.
  3860 | D:5      | Noticed Ijyb
  3874 | D:5      | Killed Ijyb
  4436 | D:6      | Reached skill level 1 in Shields
  4439 | D:6      | Reached XP level 8. HP: 50/63 MP: 7/7
  4520 | D:6      | Found a transporter.
  4523 | D:6      | Found a transporter.
  4600 | D:6      | Reached skill level 8 in Axes
  4683 | D:6      | Reached skill level 5 in Armour
  4890 | D:6      | Found a staircase to the Ecumenical Temple.
  5003 | D:6      | Found a shadowy altar of Dithmenos.
  5251 | D:7      | Reached *** piety under Hepliaklqana
  5264 | D:7      | Reached skill level 9 in Axes
  5310 | D:7      | Noticed a hippogriff
  5321 | D:7      | Killed a hippogriff
  5324 | D:7      | Reached XP level 9. HP: 39/71 MP: 4/8
  6013 | D:7      | Noticed Prince Ribbit
  6022 | D:7      | Killed Prince Ribbit
  6115 | D:7      | Found a burning altar of Makhleb.
  6119 | D:7      | Found a sparkling altar of Nemelex Xobeh.
  6301 | D:8      | Noticed a troll
  6313 | D:8      | Killed a troll
  6313 | D:8      | Reached skill level 10 in Axes
  6322 | D:8      | HP: 2/72 [electric eel/bolt of electricity (11)]
  6762 | D:8      | Found a staircase to the Lair.
  6799 | D:8      | Reached skill level 5 in Shields
  6806 | D:8      | Killed from afar by an electric eel

Levels and vault maps discovered:
D:1:      saegor_arrival_simple_d, layout_basic, minmay_misc_feat_four_crosses,
          minmay_misc_feat_more_columns
D:2:      layout_rooms
D:3:      layout_loops_cross
D:4:      layout_basic, lemuel_doored_altar, okawaru_altar_gauntlet_db,
          first_ration, uniq_natasha
D:5:      layout_cave_pools, old_standard_altar,
          nicolae_ru_sacrificial_ziggurat, old_standard_altar, uniq_ijyb
D:6:      gammafunk_steamed_eel, layout_basic, kennysheep_mini,
          minmay_temple_entry_enclosed_plants
D:7:      layout_layer_cave, nicolae_overflow_hidden_temple, uniq_prince_ribbit1
D:8:      layout_cave_pools, dancing_weapons_uskayaw, erik_lair_island

Skill      XL: |  1  2  3  4  5  6  7  8  9 |
---------------+----------------------------+-----
Axes           | 4 5 6 7 9 10 | 10.4
Armour         | 1 2 3 4 5 6 |  6.8
Fighting       | 4 5 6 7 |  7.8
Dodging        | 4 5 6 7 |  7.3
Shields        | 1 3 5 |  5.0
Stealth        | |  1.5

Action                   |  1- 3 |  4- 6 |  7- 9 || total
-------------------------+-------+-------+-------++-------
Melee: Hand axe          |    74 |   144 |   154 ||   372
       Headbutt          |    14 |    24 |    60 ||    98
       War axe           |       |       |   123 ||   123
Invok: Ancestor Life: He |       |       |     1 ||     1
       Ancestor Identity |       |       |     1 ||     1
  Use: Scroll            |       |     5 |     3 ||     8
       Potion            |       |       |     3 ||     3
 Stab: Sleeping          |     2 |       |       ||     2
       Distracted        |       |       |     4 ||     4
       Confused          |       |       |     2 ||     2
  Eat: Chunk             |     2 |     4 |    11 ||    17
       Ration            |       |       |     1 ||     1
Armor: Robe              |     2 |       |       ||     2
       Ring mail         |    23 |    21 |       ||    44
       Chain mail        |       |    58 |    80 ||   138
       Plate armour      |       |       |   106 ||   106
Dodge: Dodged            |    62 |    70 |   101 ||   233
Block: Shield            |       |       |   107 ||   107
